 Dungeon Crawl Stone Soup version 0.13-a0-2600-g811f1de (webtiles) character file.

100 Kae the Firebug (level 2, -1/15 HPs)
             Began as a Tengu Fire Elementalist on Aug 3, 2013.
             Slain by an adder (2 damage)
             ... on Level 2 of the Dungeon.
             The game lasted 00:01:02 (872 turns).

Kae the Firebug (Tengu Fire Elementalist)            Turns: 872, Time: 00:01:02

HP  -1/15        AC  2     Str  8      XL: 2   Next: 95%
MP   0/5         EV 12     Int 15      God:
Gold 77          SH  0     Dex 14      Spells:  1 memorised,  2 levels left

Res.Fire  : . . .   See Invis. : .   (no weapon)
Res.Cold  : . . .   Warding    : .   a - +0 robe
Life Prot.: . . .   Conserve   : .   (no shield)
Res.Poison: .       Res.Corr.  : .   (helmet restricted)
Res.Elec. : .       Clarity    : .   (no cloak)
Sust.Abil.: . .     Spirit.Shd : .   (no gloves)
Res.Mut.  : .       Stasis     : .   (boots unavailable)
Res.Rott. : .       Flight     : .   (no amulet)
Saprovore : . . .                    (no ring)
                                     (no ring)

@: mildly poisoned, very slightly contaminated, not resistant to hostile
enchantments, fairly stealthy
A: beak, talons 3
a: no special abilities


You were on level 2 of the Dungeon.
You were hungry.

You visited 1 branch of the dungeon, and saw 2 of its levels.

You collected 57 gold pieces.

Inventory:

Missiles
 f - 3 darts of dispersal (quivered)
 h - 10 darts of flame
Armour
 a - a +0 robe (worn)
Comestibles
 c - a bread ration
Scrolls
 d - 2 scrolls of fear {unknown}
 e - a scroll of remove curse {unknown}
 g - 2 scrolls of teleportation {unknown}
 j - a scroll of enchant weapon I {unknown}
 l - a scroll of magic mapping {unknown}
Potions
 i - a potion of curing {unknown}
 k - a potion of paralysis {unknown}
Books
 b - a book of Flames

   Spells                             Type                      Level
   *Flame Tongue                      Conjuration/Fire             1
   Throw Flame                        Conjuration/Fire             2
   Conjure Flame                      Conjuration/Fire             3
   Inner Flame                        Hexes/Fire                   3
   Sticky Flame                       Conjuration/Fire             4
   Fireball                           Conjuration/Fire             5


   Skills:
 - Level 2.1 Dodging
 - Level 2.0 Stealth
 + Level 1.3 Spellcasting
 * Level 2.8 Conjurations
 + Level 3.7 Fire Magic


You had 2 spell levels left.
You knew the following spells:

 Your Spells              Type           Power        Failure   Level  Hunger
a - Flame Tongue          Conj/Fire      ##...        8%          1    ##.....


Dungeon Overview and Level Annotations

Branches:
Dungeon (2/27)

Altars:


Innate Abilities, Weirdness & Mutations

You have a beak for a mouth.
You have claws for feet.


Message History

You throw a dart of dispersal. The dart of dispersal hits the adder.
The adder is severely wounded.
The adder misses you. The adder bites you.
* * * LOW HITPOINT WARNING * * *
Throwing (i - inventory. (,) - cycle):
f - 6 darts of dispersal (quivered)
Press: ? - help, Shift-Dir - straight line, f/p - adder
Aim: an adder (severely wounded)
You throw a dart of dispersal. The dart of dispersal hits the adder.
The adder blinks!
The adder is severely wounded.
Throwing (i - inventory. (,) - cycle):
f - 5 darts of dispersal (quivered)
Press: ? - help, Shift-Dir - straight line, f/p - adder
Aim: an adder (severely wounded)
You throw a dart of dispersal. The dart of dispersal misses the adder.
Throwing (i - inventory. (,) - cycle):
f - 4 darts of dispersal (quivered)
Press: ? - help, Shift-Dir - straight line, f/p - adder
Aim: an adder (translocational energy, severely wounded)
You throw a dart of dispersal. The dart of dispersal misses the adder.
The adder misses you. The adder bites you.
You die...

### ############# #.#
#............ #..
#.########### #.####.#.#
#>.....
#..@S..#.#####.#####
#.######.#<.........
#........#####.#####
..........................
.........................
............#######.#####
....#######............##
... #............## .
#............##


You could see an adder.

Vanquished Creatures
  A giant mite (D:1)
  A giant gecko (D:1)
  2 ball pythons (D:1)
  A giant cockroach (D:1)
  2 goblins (D:1)
  A kobold (D:1)
  2 bats
  2 giant newts (D:1)
  4 rats (D:1)
16 creatures vanquished.

Notes
Turn   | Place    | Note
--------------------------------------------------------------
     0 | D:1      | Kae, the Tengu Fire Elementalist, began the quest for the Orb.
     0 | D:1      | Reached XP level 1. HP: 10/10 MP: 3/3
   224 | D:1      | Reached XP level 2. HP: 12/15 MP: 5/5
   872 | D:2      | Slain by an adder

Action                   || total
-------------------------++-------
Melee: Unarmed           ||    11
Throw: Dart              ||     7
 Cast: Flame Tongue      ||    22
